[Event "Team 45 45 League T52"]
[Site "Internet Chess Club"]
[Date "2012.03.11"]
[Round "4"]
[White "guyd52"]
[Black "dabodhi"]
[Result "1-0"]
[WhiteElo "1319"]
[BlackElo "1186"]
[Opening "Réti opening"]
[ECO "A05"]
[Time "16:13:25"]
[TimeControl "2700+45"]

1. Nf3 Nf6 2. g3 b6 3. Bg2 Bb7 4. O-O e6 5. d3 d5 6. Nbd2 Nbd7 7. b3 e5 8. Bb2
d4 9. c3 c5 10. cxd4 cxd4 11. Nc4 Qc7 12. Rc1 Bxf3 13. Bxf3 Rd8 14. Qd2 Nc5 15.
e3 e4 16. dxe4 Nfxe4 17. Bxe4 Nxe4 18. Qd3 Ng5 19. Bxd4 Nf3+ 20. Kg2 Qb7 21. Qd1
Nxd4+ 22. f3 Nf5 23. Qe2 Bc5 24. e4 Nd4 25. Qb2 O-O 26. Rcd1 f5 27. b4 fxe4 28.
bxc5 exf3+ 29. Kf2 Ne2 30. Ne5 Qe4 31. Rxd8 Rxd8 32. Nxf3 Rf8 33. Qxe2 Qd4+ 34.
Qe3 Qb2+ 35. Kg1 Qxa2 36. cxb6 axb6 37. Qxb6 Qe2 38. Qb3+ Kh8 39. Re1 {Black
forfeits on time} 1-0

[Event "Team 45 45 League T52"]
[Site "Internet Chess Club"]
[Date "2012.03.10"]
[Round "4"]
[White "CoasterBrake"]
[Black "wekabird"]
[Result "1-0"]
[WhiteElo "1156"]
[BlackElo "1166"]
[Opening "Caro-Kann: advance variation"]
[ECO "B12"]
[Time "19:02:34"]
[TimeControl "2700+45"]

1. e4 c6 2. d4 d5 3. e5 e6 4. Bd3 Ne7 5. Nf3 Ng6 6. Bxg6 fxg6 7. c3 Be7 8. Be3
O-O 9. Nbd2 b6 10. Nb3 Ba6 11. Qd2 Nd7 12. Bg5 Rc8 13. Bxe7 Qxe7 14. Qg5 Qf7 15.
O-O-O h6 16. Qe3 c5 17. h4 c4 18. Na1 Qf4 19. Nc2 Bb5 20. Qxf4 Rxf4 21. Na3 Ba4
22. Rde1 a6 23. Re3 b5 24. g3 Rff8 25. g4 b4 26. Nc2 Bxc2 27. Kxc2 b3+ 28. axb3
cxb3+ 29. Kxb3 Rb8+ 30. Kc2 Nb6 31. b3 a5 32. Rb1 Nc4 33. bxc4 Rxb1 34. Kxb1
dxc4 35. Kc2 a4 36. Kb2 Rb8+ 37. Ka3 Ra8 38. Nd2 g5 39. hxg5 hxg5 40. Nxc4 Rc8
41. Nb6 Rb8 42. Nxa4 Rb1 43. Nc5 Kf7 44. Ne4 g6 45. Nxg5+ Ke7 46. Ne4 Ra1+ 47.
Kb2 Ra5 48. c4 Ra8 49. Rf3 Rb8+ 50. Kc3 Rf8 51. Rxf8 Kxf8 52. Kb4 Ke7 53. Kb5
Kd7 54. Kb6 Kc8 55. Kc6 Kb8 56. Kd7 Kb7 57. c5 Kb8 58. c6 {Black resigns} 1-0

[Event "Team 45 45 League T52"]
[Site "Internet Chess Club"]
[Date "2012.03.10"]
[Round "4"]
[White "carolinaknight"]
[Black "WzeroMN"]
[Result "1-0"]
[WhiteElo "1299"]
[BlackElo "1088"]
[Opening "Vienna game"]
[ECO "C26"]
[Time "13:01:47"]
[TimeControl "2700+45"]

1. e4 e5 2. Nc3 Nf6 3. Bc4 Bc5 4. d3 O-O 5. Nf3 d6 6. O-O Re8 7. g3 Be6 8. Bb3
Bxb3 9. cxb3 h6 10. Bd2 Nc6 11. a3 Nd4 12. b4 Nxf3+ 13. Qxf3 Bd4 14. Ra2 Bxc3
15. bxc3 Qd7 16. h3 Qxh3 17. Qe2 Qe6 18. c4 c5 19. b5 b6 20. a4 a5 21. Qe1 Qg4
22. f3 Qh3 23. Qf2 Qe6 24. Qh2 Nd7 25. Qh4 Qf6 26. Qg4 Re6 27. Qh3 g5 28. Bc3
Qg6 29. Rff2 Nf6 30. Rh2 Kg7 31. Qf1 Rh8 32. Rag2 g4 33. f4 exf4 34. gxf4 Kf8
35. f5 {Black resigns} 1-0

[Event "Team 45 45 League T52"]
[Site "Internet Chess Club"]
[Date "2012.03.11"]
[Round "4"]
[White "medsurg"]
[Black "dscvdchk"]
[Result "1/2-1/2"]
[WhiteElo "1381"]
[BlackElo "1446"]
[Opening "Nimzovich-Larsen attack: modern variation"]
[ECO "A01"]
[Time "15:04:41"]
[TimeControl "2700+45"]

1. b3 e5 2. Bb2 Nc6 3. e3 Nf6 4. Nf3 e4 5. Nd4 Nxd4 6. Bxd4 d5 7. c4 c5 8. Bxf6
Qxf6 9. Nc3 d4 10. Nxe4 Qe5 11. Ng3 dxe3 12. dxe3 Qc3+ 13. Ke2 Qb2+ 14. Ke1 Qc3+
15. Ke2 Be7 16. Rc1 Qe5 17. Qd5 Qb2+ 18. Qd2 Qxd2+ 19. Kxd2 Be6 20. Be2 Rd8+ 21.
Kc2 O-O 22. Rhd1 b6 23. Bf3 Bf6 24. Bd5 Bc8 25. Ne2 Bf5+ 26. e4 Rxd5 27. cxd5
Bxe4+ 28. Kd2 Bxd5 29. g3 Bf3 30. Ke3 Bh5 31. f3 Bg6 32. Kf2 Bf5 33. Nf4 Bb2 34.
Rc4 Bd4+ 35. Kg2 Re8 36. g4 Bc8 37. Rcxd4 cxd4 38. Rxd4 g6 39. Kg3 Kg7 40. h4
Re3 41. Nd5 Re2 42. Ra4 Bb7 43. Nc3 Re3 44. Ne4 a5 45. Kf4 Rd3 46. g5 h6 47. Rc4
hxg5+ 48. hxg5 Bxe4 49. Kxe4 Rd6 50. Ke5 Re6+ 51. Kd5 Re2 52. Kc6 Rxa2 53. Kxb6
Ra3 54. f4 Rxb3+ 55. Kxa5 Rf3 56. Kb5 Rb3+ 57. Kc5 Rd3 58. Rd4 Rxd4 59. Kxd4 Kf8
60. Ke5 Ke7 61. f5 gxf5 62. Kxf5 Kf8 63. Kf6 Kg8 64. g6 fxg6 65. Kxg6 {Game
drawn because neither player has mating material} 1/2-1/2

[Event "Team 45 45 League T52"]
[Site "Internet Chess Club"]
[Date "2012.03.12"]
[Round "4"]
[White "rgadoury"]
[Black "tamky70"]
[Result "1-0"]
[WhiteElo "1260"]
[BlackElo "1349"]
[Opening "Vienna game"]
[ECO "C26"]
[Time "19:00:45"]
[TimeControl "2700+45"]

1. e4 Nf6 2. Nc3 e5 3. Bc4 d6 4. Nf3 Be6 5. Bxe6 fxe6 6. d4 Nc6 7. dxe5 dxe5 8.
Qxd8+ Rxd8 9. O-O Be7 10. Be3 h6 11. a3 O-O 12. b4 Nd4 13. Bxd4 exd4 14. Nb5 c6
15. Nbxd4 Kf7 16. Ne5+ Kg8 17. Nxe6 Bd6 18. Nxf8 Bxe5 19. Rad1 Rxf8 20. f3 Nh5
21. g3 Bb2 22. Rd3 Nf6 23. c4 Be5 24. Kg2 g5 25. h3 Nh5 26. Rfd1 Nxg3 27. Rd8
Ne2 28. Rxf8+ Kxf8 29. Rd7 Nf4+ 30. Kf1 Nxh3 31. Rxb7 h5 32. Rxa7 Nf4 33. Ra5
Bf6 34. Ra6 h4 35. Rxc6 Bb2 36. a4 h3 37. Kg1 Bc3 38. b5 Ke7 39. c5 Ne6 40. Kh2
Be5+ 41. Kxh3 Nd4 42. Ra6 Kd7 43. c6+ Kc7 44. Ra7+ Kc8 45. Kg4 Bc7 46. Kxg5
Nxf3+ 47. Kf5 Nd4+ 48. Kf6 Nb3 49. e5 Nc5 50. Ra8+ Bb8 51. e6 Nxe6 52. Kxe6 Kc7
53. Kd5 Kc8 54. b6 {Black resigns} 1-0

[Event "Team 45 45 League T52"]
[Site "Internet Chess Club"]
[Date "2012.03.12"]
[Round "4"]
[White "theartist"]
[Black "tcianciola"]
[Result "1-0"]
[WhiteElo "1237"]
[BlackElo "1261"]
[Opening "QGD semi-Slav: Romih variation"]
[ECO "D46"]
[Time "10:16:52"]
[TimeControl "2700+45"]

1. d4 d5 2. c4 c6 3. Nf3 Nf6 4. e3 Nbd7 5. Nc3 e6 6. Bd3 Bb4 7. Qc2 Ne4 8. O-O
dxc4 9. Bxe4 Nf6 10. Bd3 b5 11. Be2 O-O 12. Bd2 Bd6 13. a3 Ba6 14. Ne4 Nxe4 15.
Qxe4 Re8 16. Qxc6 {Black resigns} 1-0

[Event "Team 45 45 League T52"]
[Site "Internet Chess Club"]
[Date "2012.03.11"]
[Round "4"]
[White "sere"]
[Black "Mclintock45"]
[Result "1-0"]
[WhiteElo "1224"]
[BlackElo "992"]
[Opening "Ruy Lopez: exchange variation"]
[ECO "C68"]
[Time "12:03:30"]
[TimeControl "2700+45"]

1. e4 e5 2. Nf3 Nc6 3. Bb5 a6 4. Bxc6 bxc6 5. O-O Bc5 6. Nxe5 Qe7 7. d4 Bd6 8.
Bf4 Nf6 9. Nc3 c5 10. Re1 Bb7 11. Qd3 Nh5 12. Bg3 Nxg3 13. Qxg3 Rg8 14. Nd5 Bxd5
15. exd5 O-O-O 16. Nc6 dxc6 17. Rxe7 Bxg3 18. fxg3 Rxd5 19. Rxf7 Rxd4 20. Re1
Rgd8 21. Kf2 Rd2+ 22. Kf3 R8d3+ 23. Kf4 Rd5 24. Ree7 g5+ 25. Kf3 g4+ 26. Kxg4
Rxc2 27. Rxc7+ Kb8 28. Rce7 h5+ 29. Kf4 Rxb2 30. Rf8+ {Black resigns} 1-0

[Event "Team 45 45 League T52"]
[Site "Internet Chess Club"]
[Date "2012.03.13"]
[Round "4"]
[White "az2112"]
[Black "randallsr"]
[Result "1-0"]
[WhiteElo "1635"]
[BlackElo "1709"]
[Opening "French: Tarrasch, open variation"]
[ECO "C07"]
[Time "21:30:10"]
[TimeControl "2700+45"]

1. e4 e6 2. d4 d5 3. Nd2 c5 4. Ngf3 cxd4 5. Nxd4 dxe4 6. Nxe4 e5 7. Bb5+ Nc6 8.
Nxc6 Qxd1+ 9. Kxd1 Bd7 10. Nxe5 Bxb5 11. c4 Rd8+ 12. Kc2 Rc8 13. b3 f6 14. Nc3
Bc6 15. Nxc6 Rxc6 16. Re1+ Kf7 17. Be3 a6 18. Rad1 Rd6 19. Rxd6 Bxd6 20. Rd1 Ke6
21. Ne4 Bf8 22. Nc5+ Bxc5 23. Bxc5 Nh6 24. Rd6+ Ke5 25. Rd7 b5 26. cxb5 axb5 27.
Rxg7 Nf5 28. Rb7 h5 29. Rxb5 Rc8 30. Kb2 h4 31. Bb4+ Ke6 32. Bc3 Rc6 33. Ba5 Nd4
34. Rb6 Kd5 35. Rxc6 Nxc6 36. Bc3 f5 37. h3 Ke4 38. Bf6 Nb4 39. Bxh4 Nd3+ 40.
Ka3 Ne1 41. f3+ Nxf3 42. gxf3+ Kxf3 43. Be7 Kg3 44. h4 f4 45. Bd6 {Black
resigns} 1-0

[Event "Team 45 45 League T52"]
[Site "Internet Chess Club"]
[Date "2012.03.11"]
[Round "4"]
[White "b-spot"]
[Black "Duguesclin"]
[Result "0-1"]
[WhiteElo "1635"]
[BlackElo "1597"]
[Opening "Nimzo-Indian: classical variation"]
[ECO "E32"]
[Time "09:02:17"]
[TimeControl "2700+45"]

1. d4 Nf6 2. c4 e6 3. Nc3 Bb4 4. Qc2 O-O 5. e4 d5 6. e5 Nfd7 7. cxd5 exd5 8. Bd3
h6 9. a3 Bxc3+ 10. bxc3 c5 11. Nf3 Nc6 12. O-O cxd4 13. cxd4 Nb6 14. Bb2 Bg4 15.
Nd2 Rc8 16. Qb1 Qg5 17. f4 Qh5 18. a4 Be2 19. Bxe2 Qxe2 20. Nf3 Nc4 21. Bc1 Ne3
22. Bxe3 Qxe3+ 23. Kh1 Nxd4 24. Nxd4 Qxd4 25. Qxb7 Rc2 26. Rad1 Qe4 27. Qxd5
Qxa4 28. Ra1 Qb4 29. h3 Qb6 30. Rab1 Rb2 31. Ra1 Rd8 32. Qa5 Rdd2 33. Qxb6 axb6
34. Ra8+ Kh7 35. Rg1 Rf2 36. Ra4 b5 37. Re4 b4 38. Kh2 b3 39. Kg3 Rfe2 40. Rxe2
Rxe2 41. Kf3 Rc2 42. Rb1 b2 43. g4 Kg6 44. h4 h5 45. f5+ Kh6 46. g5+ Kh7 47. e6
fxe6 48. g6+ Kh6 49. fxe6 Kxg6 50. Ke4 Kf6 51. Kd3 Rh2 52. Kc3 Kxe6 53. Re1+ Kf5
54. Rf1+ Kg4 55. Rg1+ Kxh4 {White resigns} 0-1

[Event "Team 45 45 League T52"]
[Site "Internet Chess Club"]
[Date "2012.03.11"]
[Round "4"]
[White "sdcohle"]
[Black "Signalman"]
[Result "0-1"]
[WhiteElo "1395"]
[BlackElo "1551"]
[Opening "Old Indian defense"]
[ECO "A53"]
[Time "15:03:30"]
[TimeControl "2700+45"]

1. d4 Nf6 2. c4 d6 3. Nf3 g6 4. Nc3 Bf5 5. e3 Bg7 6. Bd3 Bxd3 7. Qxd3 Nbd7 8. b3
O-O 9. Bb2 Re8 10. O-O e5 11. dxe5 Nxe5 12. Nxe5 dxe5 13. Qc2 c6 14. Rad1 Qc7
15. e4 a5 16. a4 Nd7 17. Rd2 Bh6 18. Rdd1 Qb6 19. Ba3 Rad8 20. Rd6 Bf8 21. Nd5
Qa7 22. Rxd7 cxd5 23. Rxd8 Rxd8 24. Bxf8 Kxf8 25. cxd5 Qb8 26. Qc5+ Rd6 27. Qxa5
b6 28. Qb5 Qc8 29. Qc4 Qg4 30. Rc1 Qf4 31. f3 g5 32. Rf1 Rh6 33. g3 Qe3+ 34. Kh1
Qd2 35. Qc8+ Kg7 36. h3 Qb2 37. Qf5 Rg6 38. Rd1 h6 39. Qd7 Qe2 40. Rg1 Qxf3+ 41.
Rg2 Qxe4 42. Kh2 Rf6 43. Qb5 Qb1 44. d6 Rf1 45. Qxe5+ Kg6 46. Re2 Rh1+ 47. Kg2
Qf1# {White checkmated} 0-1

[Event "Team 45 45 League T52"]
[Site "Internet Chess Club"]
[Date "2012.03.11"]
[Round "4"]
[White "werty"]
[Black "drsigmund1"]
[Result "0-1"]
[WhiteElo "1506"]
[BlackElo "1472"]
[Opening "French: Winawer, advance variation"]
[ECO "C18"]
[Time "14:34:23"]
[TimeControl "2700+45"]

1. d4 e6 2. e4 d5 3. Nc3 Bb4 4. e5 c5 5. a3 Bxc3+ 6. bxc3 Bd7 7. Qg4 Ne7 8. Qxg7
Rg8 9. Qxh7 Qc7 10. h4 cxd4 11. Qd3 Qxe5+ 12. Ne2 dxc3 13. Bf4 Qf6 14. Qxc3
Qxc3+ 15. Nxc3 Nbc6 16. h5 Rc8 17. Bd3 Nd4 18. Kd2 Rxg2 19. h6 Ng6 20. h7 Nh8
21. Rh3 e5 22. Rg3 Rxf2+ 23. Ne2 Nxe2 24. Rg8+ Ke7 25. Rxc8 Bxc8 26. Bxe5 f6 27.
Bxe2 fxe5 28. Rg1 Be6 29. Rg7+ Kf8 30. Rxb7 Bg4 31. Rb8+ Kg7 32. Rb7+ Kh6 {White
resigns} 0-1

[Event "Team 45 45 League T52"]
[Site "Internet Chess Club"]
[Date "2012.03.11"]
[Round "4"]
[White "rahulr"]
[Black "JWB"]
[Result "1-0"]
[WhiteElo "1590"]
[BlackElo "1703"]
[Opening "Réti: King's Indian attack"]
[ECO "A05"]
[Time "16:00:42"]
[TimeControl "2700+45"]

1. Nf3 Nf6 2. g3 g6 3. Bg2 Bg7 4. O-O O-O 5. d3 Nc6 6. e4 d6 7. Re1 h6 8. Nc3
Be6 9. d4 Bd7 10. Bd2 Qc8 11. Qe2 Bh3 12. Bxh3 Qxh3 13. Rad1 e5 14. dxe5 dxe5
15. Nb5 Rac8 16. Bc3 a6 17. Na3 Qe6 18. Nc4 Nh5 19. Rd5 f6 20. Nh4 Kh7 21. Red1
Rfd8 22. Na5 Nd4 23. Bxd4 Rxd5 24. exd5 Qxd5 25. Bc3 Qxa2 26. Nxb7 Qa4 27. Nc5
Qb5 28. Qxb5 axb5 29. Rd7 g5 30. Nf5 Kg6 31. g4 {Black resigns} 1-0

[Event "Team 45 45 League T52"]
[Site "Internet Chess Club"]
[Date "2012.03.11"]
[Round "4"]
[White "Frankly"]
[Black "Timotheous"]
[Result "0-1"]
[WhiteElo "1753"]
[BlackElo "1596"]
[Opening "Sicilian: accelerated fianchetto, modern variation"]
[ECO "B34"]
[Time "09:00:33"]
[TimeControl "2700+45"]

1. e4 c5 2. Nf3 Nc6 3. d4 cxd4 4. Nxd4 g6 5. Nc3 Bg7 6. Be3 Nf6 7. Be2 O-O 8. f4
Qa5 9. O-O d6 10. Nb3 Qd8 11. Qe1 Nb4 12. Rc1 a6 13. a3 Nc6 14. Qh4 b5 15. Nd4
Nxd4 16. Bxd4 e6 17. Bf3 Nxe4 18. Qxd8 Bxd4+ 19. Kh1 Rxd8 20. Nxe4 d5 21. Nc3
Bxc3 22. bxc3 Bb7 23. Rb1 Rac8 24. Rb3 Rc7 25. Rd1 Rdc8 26. Rd3 Rc4 27. g3 Ba8
28. Kg1 Kg7 29. Kf1 Bc6 30. Ke1 d4 31. Bxc6 R8xc6 32. Kd2 Kf6 33. Rxd4 Rxd4+ 34.
cxd4 Ke7 35. Re3 Kd6 36. Kd3 Rc4 37. c3 Ra4 38. Re5 Rxa3 39. Rc5 b4 40. Kc2 bxc3
41. Rc8 a5 42. Rd8+ Ke7 43. Ra8 a4 44. Ra7+ Kf6 45. Ra6 h5 46. d5 Ke7 47. d6+
Kd7 48. h3 Ra2+ 49. Kxc3 Ra3+ 50. Kb4 Rxg3 51. Kc5 Rc3+ 52. Kb4 Rxh3 53. Kc5
Rc3+ 54. Kb4 Rc6 55. Ra7+ Kxd6 56. Rxf7 Ra6 57. Ka3 Kd5 58. Rf6 Ke4 59. Rxg6
Kxf4 60. Rg8 h4 61. Rf8+ Kg3 62. Rg8+ Kh2 63. Rh8 h3 64. Rg8 Kh1 65. Rg6 h2 66.
Rg5 Ra7 67. Re5 Rg7 68. Re1+ Kg2 69. Re2+ Kh3 70. Rxe6 h1=Q 71. Rh6+ Kg2 {White
resigns} 0-1

[Event "Team 45 45 League T52"]
[Site "Internet Chess Club"]
[Date "2012.03.11"]
[Round "4"]
[White "JohLeb"]
[Black "philosopherking"]
[Result "1-0"]
[WhiteElo "1415"]
[BlackElo "1480"]
[Opening "QGD: Orthodox defense, Botvinnik variation"]
[ECO "D60"]
[Time "19:00:35"]
[TimeControl "2700+45"]

1. d4 d5 2. c4 e6 3. Nf3 Nf6 4. Bg5 Be7 5. Nc3 O-O 6. e3 Nbd7 7. Bd3 dxc4 8.
Bxc4 c6 9. O-O b5 10. Bb3 Bb7 11. Rc1 a5 12. a4 b4 13. Ne2 Nd5 14. Bxe7 Qxe7 15.
Bxd5 exd5 16. Qd2 Nf6 17. Ng3 g6 18. Rfe1 Ne4 19. Nxe4 Qxe4 20. Ne5 Rac8 21. Nd7
f5 22. Nxf8 Rxf8 23. f3 Qh4 24. Qf2 Qg5 25. Qg3 Qe7 26. Rc5 Ra8 27. b3 Kg7 28.
h4 h6 29. Qe5+ Qxe5 30. dxe5 Kf7 31. e4 Ke6 32. exd5+ cxd5 33. f4 g5 34. Rc7
gxf4 35. Rxb7 d4 36. Rb6+ Kd5 37. Rb5+ Ke6 38. Rd1 f3 39. Rxd4 Rg8 40. Rd2
{Black resigns} 1-0

[Event "Team 45 45 League T52"]
[Site "Internet Chess Club"]
[Date "2012.03.10"]
[Round "4"]
[White "rayngrant"]
[Black "Slipanov"]
[Result "1-0"]
[WhiteElo "1570"]
[BlackElo "1335"]
[Opening "Caro-Kann: advance variation"]
[ECO "B12"]
[Time "16:03:33"]
[TimeControl "2700+45"]

1. e4 c6 2. d4 d5 3. e5 Bf5 4. Nc3 e6 5. g4 Bg6 6. Nge2 Bb4 7. Nf4 Nd7 8. Nxg6
fxg6 9. Qf3 Qa5 10. Bd2 O-O-O 11. a3 Ne7 12. Qf7 Rdg8 13. Ne4 Bxd2+ 14. Nxd2 Qd8
15. Qxe6 Kb8 16. Qd6+ Ka8 17. Nb3 Nc8 18. Qb4 Qg5 19. h3 Re8 20. Nc5 Nxc5 21.
Qxc5 Rhf8 22. Qc3 Rf4 23. Qe3 Nd6 24. O-O-O Ne4 25. f3 Ref8 26. fxe4 dxe4 27.
Bc4 Qd8 28. Rhf1 Rf3 29. Rxf3 exf3 30. Rf1 Qh4 31. Rxf3 Rxf3 32. Qxf3 Qe1+ 33.
Qd1 Qe3+ 34. Kb1 Qe4 35. e6 b5 36. Bb3 Kb8 37. Qd3 Qe1+ 38. Ka2 Kc7 39. Qf3 a5
40. Qf7+ Kb6 41. e7 a4 42. e8=Q axb3+ 43. cxb3 {Black resigns} 1-0

[Event "Team 45 45 League T52"]
[Site "Internet Chess Club"]
[Date "2012.03.12"]
[Round "4"]
[White "Bible-Believer"]
[Black "Invicta-Knight"]
[Result "0-1"]
[WhiteElo "1502"]
[BlackElo "1485"]
[Opening "Caro-Kann: Panov-Botvinnik attack, 5...g6"]
[ECO "B14"]
[Time "15:27:24"]
[TimeControl "2700+45"]

1. e4 d5 2. exd5 Nf6 3. c4 c6 4. Nc3 cxd5 5. d4 g6 6. Nf3 Bg4 7. h3 Bxf3 8. Qxf3
e6 9. Bg5 Bg7 10. cxd5 exd5 11. Bb5+ Nc6 12. O-O h6 13. Rfe1+ Kf8 14. Rad1 hxg5
15. Re3 a6 16. Bxc6 bxc6 17. Rde1 Qb6 18. Re7 Re8 19. Na4 Qxd4 {White resigns}
0-1

[Event "Team 45 45 League T52"]
[Site "Internet Chess Club"]
[Date "2012.03.10"]
[Round "4"]
[White "BrerRabbit"]
[Black "OGO"]
[Result "0-1"]
[WhiteElo "1471"]
[BlackElo "1537"]
[Opening "English, 1...Nf6 (Anglo-Indian defense)"]
[ECO "A15"]
[Time "18:02:58"]
[TimeControl "2700+45"]

1. c4 Nf6 2. g3 e6 3. Bg2 d6 4. Nf3 Be7 5. d4 O-O 6. O-O Nbd7 7. Nc3 Rb8 8. a4
b6 9. a5 Bb7 10. axb6 axb6 11. b3 c6 12. Bf4 Nh5 13. Bd2 Nhf6 14. Bf4 Ra8 15.
Qd3 Nh5 16. Bd2 c5 17. d5 Qc7 18. Ng5 Bxg5 19. Bxg5 Nhf6 20. Qc2 Rxa1 21. Rxa1
Ra8 22. Qb2 Qc8 23. Nb5 Qb8 24. Nc3 h6 25. Bd2 Rxa1+ 26. Qxa1 exd5 27. cxd5 Ba8
28. e4 b5 29. f3 Ne5 30. Bf4 Nfd7 31. Qa5 b4 32. Qb5 bxc3 {White resigns} 0-1

[Event "Team 45 45 League T52"]
[Site "Internet Chess Club"]
[Date "2012.03.11"]
[Round "4"]
[White "mrmarck"]
[Black "PsyMar"]
[Result "1-0"]
[WhiteElo "1335"]
[BlackElo "1303"]
[Opening "Ruy Lopez: open (Tarrasch) defense"]
[ECO "C80"]
[Time "15:00:27"]
[TimeControl "2700+45"]

1. e4 e5 2. Nf3 Nc6 3. Bb5 a6 4. Ba4 Nf6 5. O-O Nxe4 6. Re1 d5 7. Nxe5 Qf6 8.
Nxc6 bxc6 9. f3 Qd4+ 10. Kh1 Qxa4 11. fxe4 Be7 12. exd5 cxd5 13. Nc3 Qd7 14. d3
Bb7 15. Qf3 c5 16. Qg3 d4 17. Ne4 Bxe4 18. Rxe4 Rb8 19. Qxb8+ {Black resigns}
1-0

[Event "Team 45 45 League T52"]
[Site "Internet Chess Club"]
[Date "2012.03.10"]
[Round "4"]
[White "Skylab"]
[Black "PT105"]
[Result "1-0"]
[WhiteElo "1370"]
[BlackElo "1225"]
[Opening "QGD: Marshall defense"]
[ECO "D06"]
[Time "15:00:12"]
[TimeControl "2700+45"]

1. d4 d5 2. c4 Nf6 3. e3 Bg4 4. Be2 Bxe2 5. Qxe2 e6 6. cxd5 Qxd5 7. Nf3 Ne4 8.
O-O Nc6 9. Nc3 Qf5 10. Nxe4 Qxe4 11. Bd2 Qc2 12. Qd1 Qd3 13. Bc3 Qg6 14. Qb3 Rb8
15. Ne5 Nxe5 16. dxe5 Be7 17. Bb4 c5 18. Bc3 b6 19. Qb5+ Kf8 20. Rad1 Qg5 21.
Rd7 g6 22. Rxa7 Kg7 23. f4 Qh4 24. g3 Qh3 25. Rxe7 Rbd8 26. Rd7 Rhg8 27. Rfd1
Rgf8 28. Rxd8 Rxd8 29. Rxd8 h5 30. Qf1 h4 31. Qxh3 {Black resigns} 1-0

[Event "Team 45 45 League T52"]
[Site "Internet Chess Club"]
[Date "2012.03.10"]
[Round "4"]
[White "lw"]
[Black "mongmong"]
[Result "0-1"]
[WhiteElo "1490"]
[BlackElo "1663"]
[Opening "French: Henneberger variation"]
[ECO "C01"]
[Time "11:21:15"]
[TimeControl "2700+45"]

1. e4 e6 2. d4 d5 3. Be3 Nf6 4. Nc3 Bb4 5. e5 Ne4 6. Ne2 c5 7. dxc5 Nxc5 8. Bxc5
Bxc5 9. a3 Nc6 10. f4 Qb6 11. Qd3 Bf2+ 12. Kd1 a6 13. Na4 Qe3 14. Qxe3 Bxe3 15.
g3 Bd7 16. Bg2 Nxe5 17. fxe5 Bxa4 18. b3 Bb5 19. Nc3 Bd4 20. Nxb5 axb5 21. Ra2
O-O 22. Re1 b4 23. a4 Rfc8 24. Bf1 Ra5 25. Bd3 Rcc5 26. Re2 b5 27. h3 bxa4 28.
Rxa4 Rxa4 29. bxa4 Rc3 30. a5 b3 31. Kc1 b2+ 32. Kxb2 Rxd3+ 33. Ka2 Rd1 34. Kb3
Ra1 35. Kb4 Bc3+ 36. Kxc3 Rxa5 37. Kb4 Ra8 38. c4 dxc4 39. Kxc4 Rd8 40. Re3 g6
41. Rd3 Rxd3 42. Kxd3 Kf8 43. Ke4 Ke7 44. g4 h6 45. h4 Kd7 46. g5 hxg5 47. hxg5
Kc6 48. Kd4 Kb5 49. Kd3 Kc5 50. Ke4 Kc4 51. Ke3 Kd5 52. Kf4 Kd4 {White resigns}
0-1

[Event "Team 45 45 League T52"]
[Site "Internet Chess Club"]
[Date "2012.03.10"]
[Round "4"]
[White "oldsj"]
[Black "rcddonovan"]
[Result "1-0"]
[WhiteElo "1515"]
[BlackElo "1399"]
[Opening "Ruy Lopez: closed"]
[ECO "C88"]
[Time "07:01:24"]
[TimeControl "2700+45"]

1. e4 e5 2. Nf3 Nc6 3. Bb5 a6 4. Ba4 Nf6 5. O-O Be7 6. Re1 b5 7. Bb3 Na5 8. Nxe5
Nxb3 9. axb3 d6 10. Nc6 Qd7 11. Nxe7 Qxe7 12. d4 O-O 13. Bg5 Qe6 14. Qf3 Qg4 15.
Qxg4 Nxg4 16. h3 h6 17. Bh4 g5 18. Bg3 Nf6 19. c4 b4 20. e5 Nh5 21. Bh2 Nf4 22.
Bxf4 gxf4 23. exd6 cxd6 24. Nd2 Bb7 25. Re7 Bc8 26. Ne4 d5 27. Nf6+ Kg7 28. Nxd5
f3 29. Nb6 Rb8 30. Nxc8 Rbxc8 31. Rxa6 Rce8 32. Rxe8 Rxe8 33. gxf3 Re2 34. Rb6
Rxb2 35. Rxb4 Rb1+ 36. Kg2 Re1 37. Rb6 Rd1 38. d5 Rd4 39. d6 {Black resigns} 1-0

[Event "Team 45 45 League T52"]
[Site "Internet Chess Club"]
[Date "2012.03.13"]
[Round "4"]
[White "Fogbound"]
[Black "kingsrook"]
[Result "1-0"]
[WhiteElo "1290"]
[BlackElo "1257"]
[Opening "Queen's bishop game"]
[ECO "D02"]
[Time "15:30:06"]
[TimeControl "2700+45"]

1. d4 d5 2. Nf3 Nf6 3. Bf4 Bf5 4. e3 e6 5. c3 Bd6 6. Bg3 O-O 7. Nbd2 c5 8. Be2
c4 9. Ne5 Qc7 10. Ndf3 Nbd7 11. h3 Ne4 12. Bf4 f6 13. g4 fxe5 14. dxe5 Nxe5 15.
gxf5 Rxf5 16. Nd4 Rf7 17. Nxe6 Qe7 18. Qxd5 Nf6 19. Qxc4 Rc8 20. Qxc8+ Qe8 21.
Qxe8+ Nxe8 22. O-O-O {Black resigns} 1-0

[Event "Team 45 45 League T52"]
[Site "Internet Chess Club"]
[Date "2012.03.19"]
[Round "4"]
[White "RedAttack"]
[Black "tsia68"]
[Result "1/2-1/2"]
[WhiteElo "1926"]
[BlackElo "1745"]
[Opening "King's Indian: fianchetto without c4"]
[ECO "A49"]
[Time "17:01:14"]
[TimeControl "2700+45"]

1. d4 Nf6 2. Nf3 g6 3. g3 Bg7 4. Bg2 O-O 5. O-O d6 6. Nc3 Nbd7 7. e4 e5 8. d5
Nc5 9. Re1 a5 10. Bg5 h6 11. Bd2 Ne8 12. Qc1 Kh7 13. Be3 b6 14. Bxc5 dxc5 15.
Nd2 Nd6 16. Nf1 Bd7 17. Ne2 Qe7 18. c4 f6 19. Ne3 h5 20. Nc3 Bh6 21. b3 a4 22.
Qc2 axb3 23. axb3 Bxe3 24. fxe3 Rfb8 25. Qb2 Qf8 26. Rxa8 Rxa8 27. Ra1 Qb8 28.
Ra2 Ra7 29. Qa1 {Game drawn by mutual agreement} 1/2-1/2

[Event "Team 45 45 League T52"]
[Site "Internet Chess Club"]
[Date "2012.03.10"]
[Round "4"]
[White "room-matt"]
[Black "Reeza"]
[Result "0-1"]
[WhiteElo "1783"]
[BlackElo "1876"]
[Opening "Bishop's opening: Berlin defense"]
[ECO "C24"]
[Time "10:00:43"]
[TimeControl "2700+45"]

1. e4 e5 2. Bc4 Nf6 3. d3 c6 4. Nf3 d5 5. Bb3 Bb4+ 6. c3 Bd6 7. Bg5 dxe4 8. dxe4
h6 9. Bh4 O-O 10. O-O Qe7 11. Nbd2 Nbd7 12. Re1 Nc5 13. Bc2 Rd8 14. b4 Ne6 15.
a3 Nf4 16. h3 Bc7 17. Bg3 N6h5 18. Bh2 Bb6 19. Qc1 Bxh3 20. gxh3 Qe6 21. Kh1
Qxh3 22. Rg1 Rxd2 23. Nxd2 Rd8 24. Qf1 Rxd2 25. Qxh3 Nxh3 26. Rg2 Rxc2 27. Bxe5
Nxf2+ 28. Kg1 Nxe4+ 29. Kh2 Nf2 30. Re1 f6 31. Bd4 Bxd4 32. cxd4 Nf4 {White
resigns} 0-1

[Event "Team 45 45 League T52"]
[Site "Internet Chess Club"]
[Date "2012.03.10"]
[Round "4"]
[White "frank001"]
[Black "Duguesclin"]
[Result "1-0"]
[WhiteElo "1739"]
[BlackElo "1582"]
[Opening "Blackmar-Diemer gambit"]
[ECO "D00"]
[Time "04:01:21"]
[TimeControl "2700+45"]

1. d4 Nf6 2. Nc3 d5 3. e4 dxe4 4. f3 exf3 5. Nxf3 Bg4 6. h3 Bxf3 7. Qxf3 c6 8.
Be3 e6 9. Bd3 Be7 10. O-O O-O 11. Rf2 Nbd7 12. Raf1 Nb6 13. Ne4 Nbd5 14. Bd2 Qb6
15. c4 Nxe4 16. Qxe4 Nf6 17. Rxf6 g6 18. R6f2 Rad8 19. Bc3 Bb4 20. Kh1 Bxc3 21.
bxc3 Qa5 22. Qe1 c5 23. d5 Rd6 24. Qe5 Qd8 25. Be4 b5 26. dxe6 Rxe6 27. Qxe6
fxe6 28. Rxf8+ Qxf8 29. Rxf8+ Kxf8 30. cxb5 Ke7 31. c4 Kd6 32. Kg1 Ke5 33. Bd3
Kd4 34. Be2 e5 35. Kf2 e4 36. a4 h5 37. a5 Ke5 38. b6 axb6 39. axb6 Kd6 40. b7
Kc7 41. Ke3 h4 42. Kxe4 Kxb7 43. Kd5 Kb6 44. Bd3 g5 45. Bf5 {Black resigns} 1-0

[Event "Team 45 45 League T52"]
[Site "Internet Chess Club"]
[Date "2012.03.10"]
[Round "4"]
[White "Ayensa80"]
[Black "GrandUnified"]
[Result "1-0"]
[WhiteElo "1687"]
[BlackElo "1610"]
[Opening "Caro-Kann: two knights variation"]
[ECO "B11"]
[Time "09:40:04"]
[TimeControl "2700+45"]

1. e4 c6 2. Nc3 d5 3. Nf3 dxe4 4. Nxe4 Bf5 5. Ng3 Bg6 6. h4 h6 7. Ne5 Bh7 8. Qh5
g6 9. Bc4 e6 10. Qe2 Bg7 11. Nxf7 Qe7 12. Nxh8 Bxh8 13. Qxe6 Qxe6+ 14. Bxe6 Nf6
15. d3 g5 16. hxg5 hxg5 17. Bxg5 {Black resigns} 1-0